 Dungeon Crawl Stone Soup version 0.27-a0-1202-ge72e49191c (webtiles) character file.

Game seed: 1768734880080574419

110 27snakeeyes612 the Skirmisher (level 4, -1/42 HPs)
             Began as a Naga Fighter on June 4, 2021.
             Slain by Pikel
             ... wielding a +0 whip of electrocution
              (6 damage)
             ... on level 3 of the Dungeon.
             The game lasted 00:01:54 (4047 turns).

27snakeeyes612 the Skirmisher (Naga Fighter)        Turns: 4047, Time: 00:01:55

Health: -1/42      AC:  5    Str: 19    XL:     4   Next: 91%
Magic:  4/4        EV:  5    Int:  9    God:
Gold:   241        SH:  8    Dex: 10    Spells: 3/3 levels left

rFire    . . .     SeeInvis +   a - +0 war axe
rCold    . . .     Faith    .   c - +0 kite shield
rNeg     . . .     Spirit   .   b - +0 scale mail
rPois    +         Reflect  .   (no helmet)
rElec    .         Harm     .   (no cloak)
rCorr    .         Rampage  .   (no gloves)
Will     .....                  (no barding)
Stlth    ..........             (no amulet)
HPRegen  0.14/turn              (no ring)
MPRegen  0.09/turn              (no ring)

@: mighty, very slow
A: AC +1, large, see invisible, deformed body, poison resistance, slowness 2,
spit poison 1, naga tail 1
a: Spit Poison


You were on level 3 of the Dungeon.
You visited 1 branch of the dungeon, and saw 4 of its levels.

You collected 241 gold pieces.

Inventory:

Hand Weapons
 a - a +0 war axe (weapon)
Armour
 b - a +0 scale mail (worn)
 c - a +0 kite shield (worn)
Jewellery
 e - a +4 ring of evasion
 l - a ring of resist corrosion
Scrolls
 i - a scroll of teleportation {unknown}
 j - a scroll of vulnerability {unknown}
 o - a scroll of acquirement {unknown}
Potions
 f - a potion of lignification {unknown}
 g - a potion of ambrosia {unknown}
 h - 2 potions of degeneration {unknown}
 k - 2 potions of curing {unknown}
 m - a potion of attraction {unknown}
 n - a potion of cancellation {unknown}


   Skills:
 + Level 3.5 Fighting
 + Level 2.8 Axes
 + Level 3.3 Armour
 + Level 0.4 Dodging
 + Level 0.4 Stealth
 + Level 2.9 Shields


You had 3 spell levels left.
You didn't know any spells.
Your spell library was empty.

Dungeon Overview and Level Annotations

Branches:
Dungeon (4/15)
 Temple: D:4-7

Altars:
Okawaru
Sif Muna
Xom

Shops:
D:3 (

Annotations:
D:3 Pikel
D:4 1 transporter


Innate Abilities, Weirdness & Mutations

Your serpentine skin is tough. (AC +1)
You have supernaturally acute eyesight. (SInv)
Armour fits poorly on your strangely shaped body.
Your system is resistant to poisons. (rPois)
You cover ground very slowly.
You can spit poison.
You have a snake-like lower body.


Message History

Pikel shouts!
The lemure shouts! x3; You hear a shout! x2
Found a transporter.
There is a stone staircase leading up here.
There are monsters nearby!
There are monsters nearby!
There are monsters nearby!
You hit the lemure.
The lemure is lightly wounded.
Your shield prevents you from hitting Pikel.
You miss the lemure.
Pikel hits you with a +0 whip of electrocution!
The lemure hits you! x2
A lemure comes into view.
You block Pikel's attack. The lemure hits you but does no damage.
The lemure hits you.
You climb upwards.
There is a stone staircase leading down here.
You feel very mighty all of a sudden. The lemure hits you.
Pikel closely misses you. You block the lemure's attack.
You slash Pikel!
Pikel is heavily wounded.
You hit the lemure. x2; The lemure hits you.
* * * LOW HITPOINT WARNING * * *
Pikel hits you with a +0 whip of electrocution.
* * * LOW HITPOINT WARNING * * *
The lemure closely misses you. You block the lemure's attack.
Pikel hits you with a +0 whip of electrocution.
* * * LOW HITPOINT WARNING * * *
You block the lemure's attack.
You closely miss Pikel.
Pikel is moderately wounded.
You slash the lemure! You barely miss the lemure.
You block the lemure's attack. Pikel barely misses you.
The lemure hits you but does no damage.
You slash Pikel!
Pikel is severely wounded.
You hit the lemure. You completely miss the lemure. The lemure hits you.
* * * LOW HITPOINT WARNING * * *
Pikel hits you with a +0 whip of electrocution.
You die...

#.##........##.##########
#)##....#...##.# #.......
#.......#......# #..####.
##.............# #..####. ######
#...(......#### #..#.... .....#
#.........## #....... ####.#
###.......# #..#.#.# #.#
##..5K### #####....._. ##.##
#..5@# #<......†#.# ###...##
##...# ###.#.##.#...# .......##
#...# #.............
........######...###.#.#....#..##
.......#.......................##
..#........>............#...#....
......∩#................#...#.###
..##...#######...###.##.#...#.###
.......# #...# #.)...........


You could see Pikel and 2 lemures.

Vanquished Creatures
  5 adders
  3 dart slugs
  2 orcs (D:3)
  5 endoplasms
  2 giant cockroaches (D:1)
  5 goblins
  7 hobgoblins
  3 jackals (D:3)
  4 ball pythons
  8 bats
  3 frilled lizards
  3 kobolds
  6 rats
56 creatures vanquished.

Vanquished Creatures (others)
  3 fungi (D:2)
  5 toadstools (D:2)
8 creatures vanquished.

Grand Total: 64 creatures vanquished

Notes
Turn   | Place    | Note
-------+----------+-------------------------------------------
     0 | D:1      | 27snakeeyes612 the Naga Fighter began the quest for the
                  | Orb.
     0 | D:1      | Reached XP level 1. HP: 21/21 MP: 1/1
    42 | D:1      | Found a faded altar of an unknown god.
   317 | D:1      | Reached XP level 2. HP: 28/28 MP: 2/2
   779 | D:1      | Reached XP level 3. HP: 34/34 MP: 3/3
  1634 | D:2      | Found a shimmering altar of Xom.
  2159 | D:2      | Reached XP level 4. HP: 42/42 MP: 4/4
  2832 | D:3      | Found an iron altar of Okawaru.
  2913 | D:3      | Found a shimmering blue altar of Sif Muna.
  3339 | D:3      | Found Izu App's Weapon Shop.
  4040 | D:4      | Found a transporter.
  4040 | D:4      | Noticed Pikel
  4040 | D:4      | Noticed a lemure
  4040 | D:4      | Noticed a lemure
  4040 | D:4      | Noticed a lemure
  4041 | D:4      | Noticed a lemure
  4047 | D:3      | Slain by Pikel

Illustrated notes

Levels and vault maps discovered:
D:1:      lightli_arrival_farm, layout_loops_corners,
          hellmonk_ecumenical_altar_zigzags
D:2:      layout_basic, basic_altar, serial_forest,
          infiniplex_forest_straight_1, infiniplex_forest_corner_2,
          infiniplex_forest_straight_4, infiniplex_forest_lined_2,
          infiniplex_forest_straight_2, infiniplex_forest_clump_medium,
          infiniplex_forest_lined_3, minmay_gold_behind_fungi
D:3:      layout_loops_cross, lemuel_crystal_altar,
          nicolae_sif_muna_little_library, serial_shops, shop,
          grunt_ministairs_5
D:4:      layout_rooms, trog_three_pillars_becter,
          minmay_temple_entry_proselytizer, gammafunk_ghost_arena,
          minmay_fractal_squares_5, uniq_grinder, uniq_pikel,
          uniq_crazy_yiuf_cottage

Skill      XL: |  1  2  3 |
---------------+----------+-----
Armour         | 3 |  3.3
Fighting       | |  3.5
Axes           | |  2.8
Dodging        | |  0.4
Stealth        | |  0.4
Shields        | |  2.9

Action                   |  1- 3 |  4- 6 || total
-------------------------+-------+-------++-------
Melee: War axe           |   113 |    94 ||   207
  Use: Potion            |       |     1 ||     1
Armor: Scale mail        |    73 |    53 ||   126
Dodge: Dodged            |    41 |    21 ||    62
Block: Kite shield       |    67 |    52 ||   119

Table legend: (Time is in decaauts)
 A = Elapsed time spent in this place.
 B = Non-inter-level travel time spent in this place.
 C = Inter-level travel time spent in this place.
 D = Time resting spent in this place.
 E = Time spent auto-exploring this place.
 F = Levels seen in this place.
 G = Mean time per level.
                   A        B        C        D        E       F      G
               +--------+--------+--------+--------+--------+-----+--------+
         Total |   5193 |   5068 |    125 |    133 |   4409 |   4 | 1298.2 |
       Dungeon |   5193 |   5068 |    125 |    133 |   4409 |   4 | 1298.2 |
               +--------+--------+--------+--------+--------+-----+--------+

Top non-repeatable levels by time:
     D:1: 1848 daAuts
     D:3: 1732 daAuts
     D:2: 1608 daAuts
     D:4: 3 daAuts
